 Dungeon Crawl Stone Soup version 0.31-a0-174-g85c54bcb58 (webtiles) character file.

Game seed: 8841392627422603298

897 Moral the Trooper (level 7, 0/64 HPs)
             Began as a Minotaur Fighter on June 16, 2023.
             Was a Follower of Uskayaw.
             Succumbed to a hornet's poison
             ... on level 5 of the Dungeon.
             The game lasted 00:14:20 (4254 turns).

Moral the Trooper (Minotaur Fighter)                Turns: 4254, Time: 00:14:21

Health: 0/64       AC: 14    Str: 22    XL:     7   Next: 79%
Magic:  3/6        EV:  8    Int:  5    God:    Uskayaw [*.....]
Gold:   111        SH:  5    Dex: 10    Spells: 6/6 levels left

rFire   . . .        a - +0 war axe (spect)
rCold   . . .        c - +0 buckler
rNeg    . . .        e - +4 chain mail "Zaemyca" {Harm}
rPois   .            (helmet restricted)
rElec   .            (no cloak)
rCorr   .            (no gloves)
SInv    .            (no boots)
Will    .....        (no amulet) Stlth
                     (no ring)
HPRegen 0.30/turn    (no ring)
MPRegen 0.10/turn

%: harm (+30% outgoing, +20% incoming)
@: lethally poisoned (0 -> -29), slowed, very slow
A: horns 2, retaliatory headbutt
a: Renounce Religion, Stomp


You were on level 5 of the Dungeon.
You worshipped Uskayaw.
Uskayaw was noncommittal.
You visited 1 branch of the dungeon, and saw 5 of its levels.

You collected 225 gold pieces.
You spent 114 gold pieces at shops.

Inventory:

Hand Weapons
 a - a +0 spectral war axe (weapon)
Armour
 c - a +0 buckler (worn)
 e - the +4 chain mail "Zaemyca" (worn) {Harm}
   (You acquired it on level 3 of the Dungeon)

   Harm:      It increases damage dealt and taken.
Jewellery
 l - a ring of resist corrosion
 p - an amulet of the acrobat
Scrolls
 b - a scroll of torment {unknown}
 g - a scroll of amnesia
 h - a scroll of brand weapon
 i - 2 scrolls of teleportation
 o - a scroll of identify
Potions
 d - a potion of might
 f - 3 potions of curing {unknown}
 j - a potion of resistance {unknown}
 k - 2 potions of degeneration {unknown}
 m - 2 potions of attraction {unknown}
 n - a potion of lignification {unknown}


   Skills:
 + Level 6.4 Fighting
 + Level 5.7 Axes
 + Level 6.4 Armour
 + Level 6.4 Shields


You had 6 spell levels left.
You didn't know any spells.
Your spell library contained the following spells:

 Spells                   Type           Power      Damage    Failure   Level
 Shock                    Conj/Air       0%         1d3       98%         1
 Swiftness                Air            0%         N/A       100%        3
 Airstrike                Air            0%         2d(0-16)  100%        4


Dungeon Overview and Level Annotations

Branches:
Dungeon (5/15)
 Temple: D:4-7

Altars:
Hepliaklqana
Uskayaw
The Shining One

Shops:
D:3 *!?*   D:4 :


Innate Abilities, Weirdness & Mutations

You have a pair of horns on your head.
You reflexively headbutt those who attack you in melee.


Message History

You slash the ogre!
You headbutt the ogre, but do no damage.
The ogre is moderately wounded.
Your +0 spectral war axe hits the ogre!
The ogre hits you with a +0 giant spiked club!
You can now pass through a line of other dancers.
You hit the ogre but do no damage.
The ogre is severely wounded.
Your +0 spectral war axe hits the ogre!
The ogre misses your +0 spectral war axe.
The hornet stings you but does no damage.
You closely miss the hornet. You headbutt the hornet!
The hornet is moderately wounded.
You hit the ogre.
You kill the ogre!
Your +0 spectral war axe closely misses the hornet.
The hornet stings you!
You are poisoned.
You feel yourself slow down.
You barely miss the hornet. Your headbutt misses the hornet.
The hornet is moderately wounded.
Your +0 spectral war axe hits the hornet!
You feel very sick. The hornet stings you!
* * * LOW HITPOINT WARNING * * *
You are more poisoned.
You feel as though you will be slow longer.
You block the hornet's attack. You block the orc's attack.
The hornet stings you!
* * * LOW HITPOINT WARNING * * *
You are more poisoned.
You feel as though you will be slow longer.
Okay, then.
There are friendlies around, are you sure you want to hurt them?
You stomp with the beat, sending a shockwave through the revellers around you!
The orc is almost dead.
The hornet is almost dead.
Your +0 spectral war axe is moderately damaged.
You can no longer pass through a line of other dancers.
Your +0 spectral war axe disappears.
You die...

....... . # .........
..#. .........# ....#
#.............. ......
#..............#
.<....##..............#
......................#
......y@o........$...#
.......).............##
......................#.
##........=............#
#######........<......#
....................
.....................
.....................
....#.......#........


You could see a hornet and an orc.

Vanquished Creatures
  A water moccasin (D:5)
  2 black bears (D:4)
  3 ogres
  2 scorpions (D:4)
  A jelly (D:3)
  2 hounds
  5 adders
  A white imp (D:4)
  2 worms
  4 dart slugs
  3 orcs
  2 bats
  9 endoplasms
  12 giant cockroaches
  4 goblins
  4 hobgoblins
  11 jackals
  4 quokkas
  3 ball pythons (D:2)
  4 frilled lizards
  A kobold (D:4)
  3 rats (D:3)
83 creatures vanquished.

Notes
Turn   | Place    | Note
-------+----------+-------------------------------------------
     0 | D:1      | Moral the Minotaur Fighter began the quest for the Orb.
     0 | D:1      | Reached XP level 1. HP: 19/19 MP: 0/0
   398 | D:1      | Found a faded altar of an unknown god.
   423 | D:1      | Prayed at the altar of an unknown god.
   423 | D:1      | Became a worshipper of Uskayaw the Reveller
   423 | D:1      | Reached * piety under Uskayaw
   437 | D:1      | Reached XP level 2. HP: 24/27 MP: 1/1
   503 | D:1      | Reached ** piety under Uskayaw
   980 | D:2      | Reached XP level 3. HP: 28/33 MP: 2/2
  1969 | D:3      | Found Yxteoduw's Assorted Antiques.
  2003 | D:3      | Reached XP level 4. HP: 38/41 MP: 3/3
  2018 | D:3      | Found a glowing golden altar of the Shining One.
  2387 | D:3      | Found Orood's Distillery.
  2461 | D:3      | Found Nooteifu's Magic Scroll Boutique.
  2464 | D:3      | Bought a scroll of brand weapon for 114 gold pieces
  2470 | D:3      | Identified a scroll of acquirement
  2470 | D:3      | Acquired the +4 chain mail "Zaemyca" {Harm}
  2571 | D:3      | Found Omosorevyu's Assorted Antiques.
  2748 | D:3      | Found a hazy altar of Hepliaklqana.
  3216 | D:4      | Found Hoepupt's Book Emporium.
  3218 | D:4      | Reached XP level 5. HP: 47/47 MP: 4/4
  3380 | D:4      | Reached skill level 5 in Fighting
  3590 | D:4      | Noticed a black bear
  3597 | D:4      | Killed a black bear
  3598 | D:4      | Reached skill level 5 in Armour
  3598 | D:4      | Reached skill level 5 in Shields
  3598 | D:4      | Reached XP level 6. HP: 54/56 MP: 5/5
  3945 | D:4      | Reached skill level 5 in Axes
  3945 | D:4      | Reached XP level 7. HP: 60/62 MP: 6/6
  4236 | D:5      | Entered Level 5 of the Dungeon
  4248 | D:5      | Noticed a hornet
  4254 | D:5      | Succumbed to a hornet's poison

Illustrated notes

Levels and vault maps discovered:
D:1:      ncdulo_smallfort, layout_loops_ring,
          hellmonk_ecumenical_altar_pennies_from_heaven
D:2:      layout_loops_corners, serial_forest, infiniplex_forest_clump_small,
          infiniplex_forest_zigzag_1, infiniplex_forest_clump_large,
          infiniplex_forest_straight_2, infiniplex_forest_clump_small,
          infiniplex_forest_clump_curved, infiniplex_forest_split
D:3:      layout_basic, worldfamousw_hep_ancestral_shrine,
          mainiacjoe_overflow_paths, serial_glass, glass_columns_b,
          glass_columns_c, serial_shops, nicolae_shop_back_alley_shop, shop,
          nicolae_shop_real_fake_doors, nicolae_shop_tiny_statue_garden
D:4:      minmay_bubble_buster, layout_basic, serial_shops,
          nicolae_shop_pleasant_corner_grove
D:5:      layout_basic, grunt_temple_overflow_open, temple_fountains

Skill      XL: |  1  2  3  4  5  6  7 |
---------------+----------------------+-----
Armour         | 4 5 6 |  6.4
Shields        | 4 5 6 |  6.4
Fighting       | 4 5 6 |  6.4
Axes           | 3 4 5 |  5.7

Action                     |  1- 3 |  4- 6 |  7- 9 || total
---------------------------+-------+-------+-------++-------
  Melee: War axe           |    96 |    80 |    14 ||   190
         Headbutt          |    20 |     8 |     6 ||    34
 Invoke: Stomp             |       |       |     1 ||     1
    Use: Scroll            |       |     8 |       ||     8
   Stab: Distracted        |       |     1 |       ||     1
 Armour: Scale mail        |    21 |    16 |       ||    37
         Chain mail        |       |    19 |     3 ||    22
  Dodge: Dodged            |    31 |    43 |     3 ||    77
  Block: Buckler           |     8 |    20 |     4 ||    32

Table legend: (Time is in decaauts)
 A = Elapsed time spent in this place.
 B = Non-inter-level travel time spent in this place.
 C = Inter-level travel time spent in this place.
 D = Time resting spent in this place.
 E = Time spent auto-exploring this place.
 F = Levels seen in this place.
 G = Mean time per level.
                   A        B        C        D        E       F      G
               +--------+--------+--------+--------+--------+-----+--------+
         Total |   4324 |   4272 |     52 |    393 |   3083 |   5 |  864.8 |
       Dungeon |   4324 |   4272 |     52 |    393 |   3083 |   5 |  864.8 |
               +--------+--------+--------+--------+--------+-----+--------+

Top non-repeatable levels by time:
     D:3: 1262 daAuts
     D:2: 1051 daAuts
     D:4: 1033 daAuts
     D:1: 956 daAuts
     D:5: 20 daAuts
